 Dungeon Crawl Stone Soup version 0.27-a0-1248-g57ac2eb73c (webtiles) character file.

Game seed: 16503110928767496715

32 Froggeryz the Chiller (level 2, 0/20 HPs)
             Began as a Demigod Ice Elementalist on June 10, 2021.
             Slain by a gnoll
             ... wielding a +0 spear
              (6 damage)
             ... on level 2 of the Dungeon.
             The game lasted 00:02:04 (1769 turns).

Froggeryz the Chiller (Demigod Ice Elementalist)    Turns: 1769, Time: 00:02:05

Health: 0/20       AC:  2    Str:  9    XL:     2   Next: 96%
Magic:  4/7        EV: 12    Int: 17    God:
Gold:   40         SH:  0    Dex: 14    Spells: 4/5 levels left

rFire    . . .     SeeInvis .   (no weapon)
rCold    . . .     Faith    .   (no shield)
rNeg     . . .     Spirit   .   a - +0 robe
rPois    .         Reflect  .   (no helmet)
rElec    .         Harm     .   (no cloak)
rCorr    .         Rampage  .   (no gloves)
Will     .....                  (no boots)
Stlth    ++........             (no amulet)
HPRegen  0.06/turn              (no ring)
MPRegen  0.10/turn              (no ring)

@: no status effects
A: high mp 1, forlorn
a: no special abilities


You were on level 2 of the Dungeon.
You visited 1 branch of the dungeon, and saw 2 of its levels.

You collected 40 gold pieces.

Inventory:

Hand Weapons
 b - a +1 mace of protection
Armour
 a - a +0 robe (worn)


   Skills:
 + Level 2.0 Dodging
 - Level 1.7 Stealth
 - Level 2.1 Spellcasting
 * Level 4.3 Ice Magic


You had 4 spell levels left.
You knew the following spells:

 Your Spells              Type           Power      Damage    Failure   Level
a - Freeze                Ice            64%        1d8       3%          1

Your spell library contained the following spells:

 Spells                   Type           Power      Damage    Failure   Level
 Frozen Ramparts          Ice            32%        1d5       10%         3
 Ozocubu's Armour         Ice            16%        N/A       10%         3
 Hailstorm                Conj/Ice       9%         3d4       61%         4
 Metabolic Englaciation   Hex/Ice        4%         N/A       91%         5


Dungeon Overview and Level Annotations

Branches:
Dungeon (2/15)


Innate Abilities, Weirdness & Mutations

Your attributes grow dramatically as you level up.
You have an increased reservoir of magic. (+10% MP)
You shall have no god before yourself.


Message History

A rat comes into view.
A gnoll comes into view. It is wielding a +0 club.
As you read the scroll labelled BECO JIGEABB, it crumbles to dust.
You assume a fearsome visage.
The jackal looks frightened!
The gnoll looks frightened!
The gnoll shouts!
The rat looks frightened!
It was a scroll of fear.
A gnoll comes into view. It is wielding a +0 spear.
There is an open door here.
As you close the door, it creaks loudly!
Cornered, the jackal turns to fight!
A gnoll opens the door.
The jackal barely misses you.
The gnoll throws a throwing net.
The throwing net closely misses you. The jackal completely misses you.
You see here a throwing net.
You open the door. The jackal barely misses you. The jackal bites you.
Found a glowing mace.
There is an open door here.
The jackal bites you.
You see here a +1 mace of protection.
b - a +1 mace of protection The jackal barely misses you.
The jackal barely misses you. The jackal closely misses you.
The jackal barely misses you. The jackal bites you.
You open the door. The jackal bites you.
There is an open door here.
The jackal closely misses you.
The jackal bites you but does no damage.
The jackal bites you.
* * * LOW HITPOINT WARNING * * *
As you read the scroll labelled ZUM VAABA, it crumbles to dust.
It is a scroll of brand weapon.
Really abort (and waste the scroll)?
Okay, then.
The jackal barely misses you. The jackal completely misses you.
You open the door. The jackal closely misses you.
The gnoll hits you from afar with a +0 spear.
You die...

# # ####### # #.....# #
##### #.....#########
#.....####.....#.......#
......'@hgg....'.......'
#.....####.....#.......#
##### #.....#.......#
#.....#.......#
#.....######### #######


You could see 2 gnolls and a jackal.

Vanquished Creatures
  A dart slug (D:1)
  3 goblins (D:1)
  4 hobgoblins (D:1)
  5 jackals
  5 kobolds (D:1)
  2 quokkas (D:1)
  2 ball pythons (D:1)
  2 bats (D:1)
  A frilled lizard (D:1)
  2 rats (D:1)
27 creatures vanquished.

Notes
Turn   | Place    | Note
-------+----------+-------------------------------------------
     0 | D:1      | Froggeryz the Demigod Ice Elementalist began the quest for
                  | the Orb.
     0 | D:1      | Reached XP level 1. HP: 14/14 MP: 5/5
   817 | D:1      | Reached XP level 2. HP: 19/20 MP: 5/7
   819 | D:1      | Reached skill level 4 in Ice Magic
  1769 | D:2      | Slain by a gnoll

Illustrated notes

Levels and vault maps discovered:
D:1:      elethiomel_arrival_infinity_welcomes_careful_drivers, layout_basic,
          serial_bayou_ford_a
D:2:      layout_basic, serial_shops, nicolae_shop_waterfront, basic_altar,
          kennysheep_generic_room_10

Skill      XL: |  1  2 |
---------------+-------+-----
Spellcasting   | 2 |  2.1
Ice Magic      | 4 |  4.3
Dodging        | 2 |  2.0
Stealth        | |  1.7

Action                   || total
-------------------------++-------
Melee: Unarmed           ||    13
 Cast: Freeze            ||    51
  Use: Scroll            ||     2
Armor: Robe              ||    11
Dodge: Dodged            ||    50

Table legend: (Time is in decaauts)
 A = Elapsed time spent in this place.
 B = Non-inter-level travel time spent in this place.
 C = Inter-level travel time spent in this place.
 D = Time resting spent in this place.
 E = Time spent auto-exploring this place.
 F = Levels seen in this place.
 G = Mean time per level.
                   A        B        C        D        E       F      G
               +--------+--------+--------+--------+--------+-----+--------+
         Total |   1772 |   1755 |     17 |     33 |   1479 |   2 |  886.0 |
       Dungeon |   1772 |   1755 |     17 |     33 |   1479 |   2 |  886.0 |
               +--------+--------+--------+--------+--------+-----+--------+

Top non-repeatable levels by time:
     D:1: 1721 daAuts
     D:2: 50 daAuts
